 Dungeon Crawl Stone Soup version 0.24.1 (webtiles) character file.

Game seed: 3124740555439297039, levelgen mode: deterministic

582 Descartes the Shooter (level 7, -3/57 HPs)
             Began as a Centaur Arcane Marksman on Mar 26, 2020.
             Slain by a phantom (9 damage)
             ... on level 4 of the Dungeon.
             The game lasted 00:12:12 (5082 turns).

Descartes the Shooter (Centaur Arcane Marksman)     Turns: 5082, Time: 00:12:13

Health: -3/57      AC:  4    Str: 12    XL:     7   Next: 14%
Magic:  10/10      EV: 10    Int: 13    God:
Gold:   169        SH:  0    Dex: 11    Spells: 3/10 levels left

rFire    . . .     SeeInvis .   b - +1 dagger (speed)
rCold    . . .     Gourm    .   (no shield)
rNeg     . . .     Faith    .   e - +0 robe
rPois    .         Spirit   .   (no helmet)
rElec    .         Reflect  .   (no cloak)
rCorr    .         Harm     .   (no gloves)
MR       .....                  (no barding)
Stlth    +.........             (no amulet)
HPRegen  0.19/turn              (no ring)
MPRegen  0.12/turn              (no ring)

@: very quick
A: large, hooves 3, deformed body, speed 2, tough skin 3
a: no special abilities


You were on level 4 of the Dungeon.
You were not hungry.

You visited 1 branch of the dungeon, and saw 4 of its levels.
You also visited: Sewer.

You collected 169 gold pieces.

Inventory:

Hand Weapons
 a - a +0 shortbow
 b - a +1 dagger of speed (weapon)
Missiles
 d - 9 arrows
 i - 129 stones (quivered)
 k - 7 poisoned darts
 o - 43 bolts
 y - a throwing net
Armour
 e - a +0 robe (worn)
Scrolls
 g - 2 scrolls of magic mapping
 h - a scroll of noise {unknown}
 j - 2 scrolls of amnesia {unknown}
 l - 4 scrolls of remove curse {unknown}
 m - 2 scrolls of immolation
 p - a scroll of fog
 r - a scroll of teleportation {unknown}
 w - 4 scrolls of identify
 x - 2 scrolls of fear {unknown}
Potions
 c - 2 potions of curing {unknown}
 n - a potion of brilliance
 q - 2 potions of heal wounds
 s - a potion of cancellation
 t - a potion of ambrosia {unknown}
 u - 2 potions of might {unknown}
 v - a potion of magic {unknown}
 z - a potion of mutation {unknown}
Comestibles
 f - 8 rations


   Skills:
 + Level 3.0 Fighting
 * Level 6.6 Bows
 + Level 1.4 Dodging
 + Level 2.4 Spellcasting
 + Level 3.9 Hexes
 + Level 2.2 Translocations
 + Level 0.0 Fire Magic


You had 3 spell levels left.
You knew the following spells:

 Your Spells              Type           Power        Failure   Level  Hunger
a - Corona                Hex            ##.....      4%          1    #......
b - Portal Projectile     Hex/Tloc       #.....       21%         3    ###....
c - Inner Flame           Hex/Fire       #.......     32%         3    ###....

Your spell library contained the following spells:

 Spells                   Type           Power        Failure   Level  Hunger
 Slow                     Hex            ##......     8%          2    ###....
 Cause Fear               Hex            ##........   43%         4    #####..
 Leda's Liquefaction      Hex/Erth       #.........   73%         4    #####..


Dungeon Overview and Level Annotations

Branches:
Dungeon (4/15)              Sewer (visited)
 Temple: D:4-7

Altars:
Fedhas


Innate Abilities, Weirdness & Mutations

You have hooves in place of feet.
Armour fits poorly on your strangely shaped body.
You cover ground very quickly.
You have extremely tough skin. (AC +3)


Message History

The phantom blinks!
You see here 6 arrows.
You see here 6 arrows.
You hit the phantom. Your kick misses the phantom.
The phantom is severely damaged.
You hit the phantom.
The phantom is severely damaged.
The phantom blinks!
You hit the phantom.
The phantom is severely damaged.
You hit the phantom but do no damage.
The phantom is severely damaged.
The phantom blinks!
You are too injured to fight recklessly!
The phantom hits you!
* * * LOW HITPOINT WARNING * * *
You hit the phantom.
The phantom is almost destroyed.
The phantom hits you!
You die...

#. #.# #. #.#
#.##.####
#.......#
#.......#
#.......#
#..W....#
#...@...#
####......(#
.......ยง...#
##########.#
#.# #.#
#.#######.#####
#..........>..#
#########<###.#


You could see a phantom.

Vanquished Creatures
  4 big kobolds (Sewer)
  Terence (D:3)
  A worker ant (D:4)
  Natasha (twice) (D:3)
  A gnoll (D:1)
  9 adders
  5 oozes
  7 worms
  A dart slug (D:1)
  4 leopard geckos
  5 ball pythons
  6 bats
  5 giant cockroaches (D:3)
  10 goblins
  5 hobgoblins
  12 kobolds
  A quokka (D:2)
  3 frilled lizards
  9 rats
91 creatures vanquished.

Notes
Turn   | Place    | Note
-------+----------+-------------------------------------------
     0 | D:1      | Descartes the Centaur Arcane Marksman began the quest for
                  | the Orb.
     0 | D:1      | Reached XP level 1. HP: 16/16 MP: 2/2
     8 | D:1      | Reached skill level 3 in Bows
   300 | D:1      | Reached XP level 2. HP: 17/23 MP: 3/3
   536 | D:1      | Reached XP level 3. HP: 28/28 MP: 4/4
   967 | D:2      | Found a blossoming altar of Fedhas.
  1085 | D:2      | Reached skill level 4 in Bows
  1253 | D:2      | Learned a level 3 spell: Portal Projectile
  1543 | D:2      | Reached XP level 4. HP: 34/36 MP: 6/6
  1952 | D:3      | Found a faded altar of an unknown god.
  1953 | D:3      | Found a glowing drain.
  1966 | Sewer    | Entered a sewer
  2176 | Sewer    | Noticed a big kobold
  2185 | Sewer    | Killed a big kobold
  2185 | Sewer    | Reached XP level 5. HP: 41/41 MP: 7/7
  2255 | Sewer    | Reached skill level 5 in Bows
  2255 | Sewer    | Reached skill level 1 in Translocations
  3007 | Sewer    | Reached XP level 6. HP: 50/50 MP: 9/9
  3257 | Sewer    | Reached skill level 6 in Bows
  3507 | D:3      | Noticed Terence
  3597 | D:3      | Killed Terence
  3940 | D:3      | Noticed Natasha
  3952 | D:3      | Killed Natasha
  3952 | D:3      | Reached XP level 7. HP: 43/56 MP: 10/10
  4042 | D:3      | Noticed Natasha
  4061 | D:3      | Killed Natasha
  4457 | D:3      | Learned a level 3 spell: Inner Flame
  5082 | D:4      | Slain by a phantom

Levels and vault maps discovered:
D:1:      minmay_arrival_five_plusses, layout_basic, minmay_tromino_v2
D:2:      layout_basic, fedhas_altar_4, minmay_door_square
D:3:      layout_basic, portal_sewer_entry_f,
          chequers_ecumenical_altar_simple_redux, first_ration, uniq_natasha,
          uniq_terence
D:4:      layout_loops_ring, nemelex_xobeh_ov_fountains_minmay,
          minmay_misc_feat_square

Skill      XL: |  1  2  3  4  5  6  7 |
---------------+----------------------+-----
Bows           | 3 4 5 6 |  6.6
Hexes          | 3 |  3.9
Fighting       | 2 3 |  3.0
Translocations | 1 2 |  2.2
Spellcasting   | 2 |  2.4
Dodging        | |  1.4

Action                   |  1- 3 |  4- 6 |  7- 9 || total
-------------------------+-------+-------+-------++-------
Melee: Dagger            |    81 |   207 |    79 ||   367
       Kick              |    17 |    47 |    19 ||    83
 Fire: Shortbow          |    45 |    77 |    12 ||   134
Throw: Stone             |       |    12 |       ||    12
  Use: Scroll            |       |     6 |       ||     6
  Eat: Chunk             |     1 |     4 |       ||     5
       Ration            |       |     1 |     1 ||     2
Armor: Robe              |    22 |    59 |     1 ||    82
Dodge: Dodged            |    28 |   103 |    17 ||   148
